Cogmind - Beta 15 @@@ ROGUE MODE // 2025.07.09 @ 20:46:33 Player: Err. String Expected Got Nil Result: Self-destructed Performance ------------- Evolutions (0) 0 Regions Visited (4) 800 Robots Destroyed (8) 40 Value Destroyed (100) 100 Prototype IDs (0) 0 Alien Tech Used (0) 0 Bonus (0) 0 TOTAL SCORE: 940 Bonus ------- None Cogmind --------- Core Integrity 98/250 Matter 247/300 Energy 84/100 System Corruption 2% Temperature Cool (0) Movement Core (350) Ox6 Location -9/Mines Parts ------- > --- POWER (1) -------- (None) > --- PROPULSION (2) --- Aluminum Leg > --- UTILITY (2) ------ Large Storage Unit > --- WEAPON (2) ------- Light Assault Rifle > --- INVENTORY (15) --- Ion Engine Aluminum Leg Medium Storage Unit High-capacity Matter Pod (184) Hacking Suite Assault Rifle Mining Laser Mining Claw Peak State ------------ > --- POWER ------------ Ion Engine > --- PROPULSION ------- Aluminum Leg Aluminum Leg > --- UTILITY ---------- Large Storage Unit Seismic Detector > --- WEAPON ----------- Assault Rifle Assault Rifle > --- INVENTORY -------- Ion Engine Aluminum Leg Medium Storage Unit High-capacity Matter Pod Hacking Suite Light Assault Rifle Mining Laser Mining Claw [Rating: 8] Favorites ----------- Power Ion Engine Engine Ion Engine Propulsion Aluminum Leg Leg Aluminum Leg Utility Seismic Detector Device Seismic Detector Storage Small Storage Unit Weapon Assault Rifle Ballistic Gun Assault Rifle Build | -11 -10 -10 -10 -9 ------- Run | Yrd Mat Min Exi Min Slots Evolved . | . . . . . Power . | . . . . . Propulsion . | . . . . . Utility . | . . . . . Weapon . | . . . . . Parts Attached 10 | 7 . . 2 1 Power 1 | 1 . . . . Engine 1 | 1 . . . . Core . | . . . . . Reactor . | . . . . . Propulsion 2 | 2 . . . . Treads . | . . . . . Leg 2 | 2 . . . . Wheel . | . . . . . Hover . | . . . . . Flight . | . . . . . Utility 4 | 2 . . 2 . Device 1 | 1 . . . . Storage 3 | 1 . . 2 . Processor . | . . . . . Hackware . | . . . . . Protection . | . . . . . Artifact . | . . . . . Weapon 3 | 2 . . . 1 Energy Gun . | . . . . . Energy Cannon . | . . . . . Ballistic Gun 3 | 2 . . . 1 Ballistic Cannon . | . . . . . Launcher . | . . . . . Special Weapon . | . . . . . Impact Weapon . | . . . . . Slashing Weapon . | . . . . . Piercing Weapon . | . . . . . Special Melee Weapon . | . . . . . Unidentified Prototypes . | . . . . . Parts Lost 4 | . . . . 4 Power 1 | . . . . 1 Propulsion 1 | . . . . 1 Utility 1 | . . . . 1 Weapon 1 | . . . . 1 Highest Loss Streak 4 | . . . . 4 To Critical Strikes . | . . . . . Average Backups 4 | . 2 6 6 8 Power . | . 1 1 1 1 Propulsion . | . . 1 1 1 Utility 1 | . . 1 1 3 Weapon 1 | . . 3 3 3 Tool/Special . | . . . . . Unused Backups 6 | . . . . 6 Power 1 | . . . . 1 Propulsion 1 | . . . . 1 Utility 2 | . . . . 2 Weapon 2 | . . . . 2 Tool/Special . | . . . . . Average Slot Usage (%) 98 | . 100 100 100 88 Engine 13 | . 14 14 14 12 Leg 27 | . 28 28 28 24 Device 13 | . 14 14 14 7 Storage 14 | . 14 14 14 14 Ballistic Gun 28 | . 28 28 28 28 Peak Build Rating 8 | 7 7 7 8 8 Average Rating 6 | 4 7 7 7 7 On Entrance 5 | . 7 7 7 8 Naked Turns . | . . . . . Heaviest Build 30 | 15 15 15 30 30 Greatest Support 20 | 20 20 20 20 20 Greatest Overweight (x) 4 | 4 . . 1 1 Average Overweight (x) . | . . . . 1 Largest Inventory Capacity 15 | 8 8 8 15 15 Average Capacity 10 | 7 8 8 10 15 Most Carried 8 | 1 6 6 8 8 Average Carried 4 | . 2 6 6 8 Final Capacity 15 | 8 8 8 15 15 Final Carried 8 | 1 6 6 8 8 Class Distribution -------------------- 100% | Mutant Dominant Class ---------------- Mutant | -10/Materials Mutant | -10/Mines Mutant | -10/Exiles Mutant | -9/Mines Resources | -11 -10 -10 -10 -9 ----------- Run | Yrd Mat Min Exi Min Matter Collected 376 | 294 24 . 20 38 Remotely . | . . . . . Salvage Created 316 | 126 56 . . 134 Parts 20 | 8 5 . . 7 Haulers Intercepted . | . . . . . Recyclers Shooed . | . . . . . Parts Field Recycled . | . . . . . Retrieved Matter . | . . . . . Parts Self-Destructed . | . . . . . Prevented . | . . . . . Kills | -11 -10 -10 -10 -9 ------- Run | Yrd Mat Min Exi Min Combat Hostiles Destroyed 10 | . 1 . . 9 Guns 10 | . 1 . . 9 Classes Destroyed 6 | 2 2 . . 2 Tunneler 2 | 2 . . . . Recycler 1 | 1 . . . . Operator 1 | . 1 . . . Swarmer 3 | . . . . 3 Grunt 1 | . 1 . . . Assembled 6 | . . . . 6 Best Kill Streak 6 | 3 4 . . 6 Combat Bots Only 6 | . 1 . . 6 Max Kills in Single Turn 2 | 1 1 . . 2 Gunslinging 1 | . . . . 1 Exploded . | . . . . . Melee . | . . . . . Uniques/NPCs Destroyed . | . . . . . Combat | -11 -10 -10 -10 -9 -------- Run | Yrd Mat Min Exi Min Hostile Shots Fired 67 | . 1 . . 66 Missed 21 | . . . . 21 Hits 46 | . 1 . . 45 Melee 9 | . . . . 9 Projectile 37 | . 1 . . 36 Part Disruptions 3 | . . . . 3 Damage Taken 669 | . 11 . . 658 Core 152 | . . . . 152 Absorbed by Shields . | . . . . . Core Remaining (%) 100 | 100 . . . . Volleys Fired 26 | 4 4 . . 18 Largest 2 | 2 2 . . 2 Hottest 40 | 40 40 . . 40 Shots Fired 49 | 8 8 . . 33 Gun 49 | 8 8 . . 33 Cannon . | . . . . . Launcher . | . . . . . Special . | . . . . . Kinetic 49 | 8 8 . . 33 Thermal . | . . . . . Explosive . | . . . . . Electromagnetic . | . . . . . Robot Hit Streak 6 | 3 5 . . 6 Robot Miss Streak 3 | 1 1 . . 3 Penetration Max . | . . . . . Secondary Targets 5 | . . . . 5 Max Gunslinging Chain 1 | . . . . 1 Shots Hit Robots 33 | 6 5 . . 22 Core Hits 25 | 4 4 . . 17 Critical Kills . | . . . . . Critical Parts Destroyed 1 | . . . . 1 Critical Strikes 1 | . . . . 1 Destroy 1 | . . . . 1 Melee Attacks . | . . . . . Impact . | . . . . . Slashing . | . . . . . Piercing . | . . . . . Sneak Attacks . | . . . . . Combat Hostiles . | . . . . . Follow-up Attacks . | . . . . . Damage Inflicted 477 | 71 61 . . 345 Guns 477 | 71 61 . . 345 Cannons . | . . . . . Explosions . | . . . . . Melee . | . . . . . Ramming . | . . . . . Kinetic 477 | 71 61 . . 345 Thermal . | . . . . . Explosive . | . . . . . Electromagnetic . | . . . . . Impact . | . . . . . Slashing . | . . . . . Piercing . | . . . . . Highest Corruption 2 | . 1 1 1 2 Average Corruption 1 | . 1 1 1 1 Corruption Purged . | . . . . . Corruption Blocked . | . . . . . Effects 4 | . . . 1 3 Message Errors 1 | . . . . 1 Energy Discharges 1 | . . . . 1 Data Loss (minor) 1 | . . . 1 . Weapon Failures 1 | . . . . 1 Overload Shots . | . . . . . Overflow Damage . | . . . . . Projectiles . | . . . . . Explosions . | . . . . . Melee . | . . . . . Knockbacks . | . . . . . Impact . | . . . . . Kinetic . | . . . . . Secondary . | . . . . . Self-Inflicted Damage . | . . . . . Shots . | . . . . . Rammed . | . . . . . Targets Rammed . | . . . . . Kicked . | . . . . . Crushed . | . . . . . Highest Temperature 47 | . . . . 47 Average Temperature 27 | . . . . 27 Received Heat Transfer 246 | . 6 . . 240 Siege Activations . | . . . . . Martial Activations . | . . . . . Shielding Activations . | . . . . . Robots Disrupted . | . . . . . Combat Hostiles . | . . . . . Robots Corrupted . | . . . . . Combat Hostiles . | . . . . . Parts Fried . | . . . . . Impact Corruptions . | . . . . . Robots Melted . | . . . . . Combat Hostiles . | . . . . . Parts Melted . | . . . . . Heat Transferred . | . . . . . Parts Sabotaged . | . . . . . Parts Stolen . | . . . . . Parts Stripped . | . . . . . Power Chain Reactions . | . . . . . Alert | -11 -10 -10 -10 -9 ------- Run | Yrd Mat Min Exi Min Maximum Alert Level . | . . . . . Low Security (%) 100 | 100 100 100 . 100 Level 1 . | . . . . . Level 2 . | . . . . . Level 3 . | . . . . . Level 4 . | . . . . . Level 5 . | . . . . . High Security . | . . . . . Max Security . | . . . . . Peak Influence 70 | 10 30 . . 70 Initial 3 | . 3 . . . Average 11 | 1 6 . . 38 Influence Increases 126 | 15 41 . . 70 Destroy 0b10 Robot/C 80 | . 20 . . 60 Destroy 0b10 Robot/NC 20 | 15 5 . . . Destroy Leader 20 | . 10 . . 10 Successful Hack 5 | . 5 . . . Destroy Structure 1 | . 1 . . . Influence Decreases 126 | 10 46 . . 70 Entered New Map 2 | . 2 . . . Time Decay 94 | 10 44 . . 40 Lost Part 30 | . . . . 30 Squads Dispatched 2 | . 2 . . . Investigation 1 | . 1 . . . Extermination . | . . . . . Reinforcement 1 | . 1 . . . Assault . | . . . . . Garrison . | . . . . . Intercept . | . . . . . Searches Triggered . | . . . . . Construction Impeded . | . . . . . Haulers Reinforced . | . . . . . Active Scanning Responses . | . . . . . Cargo Convoy Interrupts . | . . . . . Stealth | -11 -10 -10 -10 -9 --------- Run | Yrd Mat Min Exi Min Distress Signals 2 | . 2 . . . Communications Jammed . | . . . . . Distress Signals . | . . . . . Times Spotted 21 | . 4 . . 17 Peak Tracking Total 11 | . 2 . . 11 Tactical Retreats 2 | . . . . 2 Traps | -11 -10 -10 -10 -9 ------- Run | Yrd Mat Min Exi Min Traps Triggered 1 | . 1 . . . Indirectly . | . . . . . Trap Hack Attempts . | . . . . . Triggered . | . . . . . Disarmed . | . . . . . Reprogrammed . | . . . . . Reused . | . . . . . Traps Extracted . | . . . . . Installed . | . . . . . Triggered . | . . . . . Machines | -11 -10 -10 -10 -9 ---------- Run | Yrd Mat Min Exi Min Machines Disabled . | . . . . . Max in Single Turn . | . . . . . Machines Repaired . | . . . . . Machines Dismantled . | . . . . . Machines Sabotaged . | . . . . . Overloaded Fab Kills . | . . . . . Hacking | -11 -10 -10 -10 -9 --------- Run | Yrd Mat Min Exi Min Machines Accessed 3 | . 1 . 1 1 Terminals 2 | . 1 . . 1 Fabricators . | . . . . . Repair Stations . | . . . . . Recycling Units . | . . . . . Scanalyzers . | . . . . . Garrison Access . | . . . . . Total Hacks 5 | . 2 . 1 2 Successful 3 | . 2 . 1 . Failed 2 | . . . . 2 Catastrophic . | . . . . . Database Lockouts . | . . . . . Manual 4 | . 2 . . 2 Terminals 4 | . 2 . . 2 Fabricators . | . . . . . Repair Stations . | . . . . . Recycling Units . | . . . . . Scanalyzers . | . . . . . Garrison Access . | . . . . . Terminal Hacks 1 | . . . 1 . Record 1 | . . . 1 . Fabricator Hacks . | . . . . . Repair Station Hacks . | . . . . . Recycling Unit Hacks . | . . . . . Scanalyzer . | . . . . . Garrison Access Hacks . | . . . . . Unauthorized Hacks 2 | . 2 . . . Terminals 2 | . 2 . . . Botnet 1 | . 1 . . . Operators 1 | . 1 . . . Fabricators . | . . . . . Repair Stations . | . . . . . Recycling Units . | . . . . . Scanalyzers . | . . . . . Garrison Access . | . . . . . Data Cores Recovered . | . . . . . Used . | . . . . . Hacking Detections 2 | . 1 . . 1 Full Trace Events . | . . . . . Feedback Events . | . . . . . Feedback Blocked . | . . . . . Robot Schematics Acquired . | . . . . . Robots Built . | . . . . . Authchips . | . . . . . Time . | . . . . . Total Robot Build Rating . | . . . . . Part Schematics Acquired . | . . . . . Parts Built . | . . . . . Authchips . | . . . . . Time . | . . . . . Total Part Build Rating . | . . . . . Parts Repaired . | . . . . . Time . | . . . . . Parts Recycled . | . . . . . Recycled Matter . | . . . . . Retrieved Matter . | . . . . . Retrieved Components . | . . . . . Parts Scanalyzed . | . . . . . Part Schematics Acquired . | . . . . . Parts Damaged . | . . . . . Bothacking | -11 -10 -10 -10 -9 ------------ Run | Yrd Mat Min Exi Min Used RIF Installer . | . . . . . Robots Hacked . | . . . . . Non-combat . | . . . . . Combat . | . . . . . Robot Hacks Applied . | . . . . . Relay Couplers Released . | . . . . . Fabnet Peak Effective % . | . . . . . Robots Rewired . | . . . . . Allies Hacked . | . . . . . Hacks Repelled . | . . . . . Allies | -11 -10 -10 -10 -9 -------- Run | Yrd Mat Min Exi Min Total Allies . | . . . . . Largest Group . | . . . . . Highest-Rated Group . | . . . . . Highest-Rated Ally . | . . . . . Total Orders . | . . . . . Ally Attacks . | . . . . . Total Damage . | . . . . . Kills . | . . . . . Allies Corrupted . | . . . . . Allies Melted . | . . . . . Intel | -11 -10 -10 -10 -9 ------- Run | Yrd Mat Min Exi Min Active Infowar (turns) 563 | 8 190 48 267 50 Seismic 563 | 8 190 48 267 50 Robot Analysis Total . | . . . . . Derelict Logs Recovered . | . . . . . Drone Launches . | . . . . . Drone Recoveries . | . . . . . Exploration | -11 -10 -10 -10 -9 ------------- Run | Yrd Mat Min Exi Min Turns Passed 662 | 73 190 48 267 84 Spaces Moved 416 | 34 134 40 192 16 Core 8 | 8 . . . . Treads . | . . . . . Legs 408 | 26 134 40 192 16 Wheels . | . . . . . Hover . | . . . . . Flight . | . . . . . Fastest Speed 50 | 50 120 120 120 190 Average Speed 133 | 147 120 120 137 190 Slowest Speed 250 | 250 120 120 190 190 Overloaded Moves . | . . . . . Propulsion Burnouts . | . . . . . Robots Hopped . | . . . . . Potential Cave-ins . | . . . . . Cave-ins Triggered . | . . . . . Exploration Rate (%) 22 | 4 30 20 52 7 Regions Visited 4 Branch Regions 3 Pre-discovered Areas 1 | . . . 1 . Known Exits Taken . | . . . . . Unknown Exits Taken 4 | 1 1 1 1 . Scrap Searched . | . . . . . Spaces Dug . | . . . . . Terrain Destroyed . | . . . . . Melee . | . . . . . Projectile . | . . . . . AOE . | . . . . . Terrain Rammed . | . . . . . Walls Destroyed . | . . . . . Machines Disabled . | . . . . . Actions | -11 -10 -10 -10 -9 --------- Run | Yrd Mat Min Exi Min Total 470 | 45 155 40 195 35 Wait 14 | . 13 1 . . Move 412 | 33 133 39 191 16 Hop . | . . . . . Pick Up 7 | 1 5 . 1 . Fast Attach 7 | 7 . . . . Attach . | . . . . . Detach . | . . . . . Swap 3 | . . . 2 1 Drop 1 | . . . 1 . Fire 26 | 4 4 . . 18 Melee . | . . . . . Ram . | . . . . . Kick . | . . . . . Crush . | . . . . . Escape Stasis . | . . . . . Rewire . | . . . . . Trap . | . . . . . Miscellaneous . | . . . . . Route ------- -11/Scrapyard -10/Materials -10/Mines -10/Exiles -9/Mines History --------- Turn | Location | Event 31 | -11/Scrapyard | Discovered new exit (range 15) 74 | -11/Scrapyard | Entered Materials 200 | -10/Materials | Met 8R-AWN 240 | -10/Materials | Discovered new exit (range 6) 264 | -10/Materials | Entered Mines 266 | -10/Mines | Followed 8R-AWN into the Mines 301 | -10/Mines | Met a Derelict bent on vengeance 307 | -10/Mines | Discovered new exit (range 5) 312 | -10/Mines | Entered Exiles 315 | -10/Exiles | Build established: Mutant 342 | -10/Exiles | Welcomed by 8R-AWN 362 | -10/Exiles | Met EX-HEX 434 | -10/Exiles | Met EX-DEC 457 | -10/Exiles | Learned location of Zion (-7) 564 | -10/Exiles | Discovered new exit (range 10) 579 | -10/Exiles | Entered Mines 608 | -9/Mines | Assembled infested the area 656 | -9/Mines | Core integrity fell below 50% 663 | -9/Mines | Self-destructed Last Messages --------------- 00629_ Seismic Detector destroyed. 00629_ System corrupted by crushing effect (+1). 00629_ Knocked back. 00634_ as-82817 destroyed. 00637_ as-41761 destroyed. 00637_ Switching to secondary target: as-90325. 00640_ as-90325 destroyed. 00640_ Switching to secondary target: as-53320. 00640_ as-53320 suffers critical hit (Destroy). 00640_ Destroyed Asb. Hover Unit. 00641_ Acquired 10 matter. 00643_ Aluminum Leg destroyed. 00646_ as-14817 destroyed. 00649_ as-14575 destroyed. 00649_ Switching to secondary target: as-53320. 00653_ Ion Engine destroyed. 00655_ as-53320 destroyed. 00655_ Switching to secondary target: as-78596. 00661_ Assault Rifle destroyed. 00663_ UNSJ3BU3TRKK8O9>7PR/NFD Map ----- +----------------------------------------------------+ | ???????????????????????????????????????????? | | ???????????????????????????????????????????? | | ???????????????????????????????????????????? | | ???????????????????????????????????????????? | | ???????????????????????????????????????????? | | ???????????????????????????????????????????? | | ???????????????????????????????????????????? | | ???????????????????????????????????????????? | | ???????????????????????????????????????????? | | ???????????????????????????????????????????? | | ???????????????????????????????????????????? | | ???????????????????????????????????????????? | | ?????????????????????????#???? ??????????? | | ???????????????????????? #### ???????????? | | ??????????????????????? ?????????????? | | ?????????????????????? ???????????????? | | ?????????????????##### ?????????????????? | | ?????????????????# ???????????????????? | | ?????????????????# ?????????????????????? | | ?????????????????#aa#??????????????????????? | | ?????????????????# #??????????????????????? | | ?????????????????# #??????????????????????? | | ???????????????### #??????????????????????? | | ??????????????##T#a ######?????????????????? | | ??????????????# %%a #?????????????????? | | ??????????????# %@ #?????????????????? | | ??????????????# [ #?????????????????? | | ??????????????# =[ *= #?????????????????? | | ??????????????# =%""" #?????????????????? | | ??????????????# [[""" ???????????????? | | ??????????????# *% """ ?????????????? | | ??????????????# ######????????????? | | ??????????????############?????????????????? | | ???????????????????????????????????????????? | | | | | | | | | | | | | | | | | | | | | | | | | | | | | | | | | +----------------------------------------------------+ Best States ------------- Heat Dissipation 25 Energy Generation 10 Energy Capacity 250 Matter Stores 300 Matter Capacity 300 Sight Range 16 Terrain Scan Density 10 Evasion (%) 55 Item Schematics ----------------- None Robot Schematics ------------------ None Fabricated ------------ Nothing Repaired ---------- Nothing Alien Tech Used ----------------- None Achievements -------------- None Challenges ------------ None Game ------ Seed DeepProjectileDissipator Manual? 0 Play Time 00:06:59 Cumulative 97.0 hours Start 2025.07.09 @ 20:40:47 End 2025.07.09 @ 20:46:33 Sessions 1 Manual Loads 0 Difficulty Rogue Special Mode None Game No. 79 Rogue 79 Adventurer 0 Explorer 0 Win Type - Total 2 Types 2/0/0/0/0/0/0/0/0/0 Lore% 46 Gallery% 41 Achievement% 45 Wizard Run 0 Options --------- Layout 2 ASCII 0 Keyboard 1 Movement Numpad Keybinds 0 Fullscreen 2 Font 32/SmallcapsGlow Map View 50x44 Zoom Use 0% Tactical HUD 1 Map Filters NONE Filters NONE Steam 1 RUN: 1179d1b6-e23c-4de2-86a4-65986969e1a9